 Dungeon Crawl Stone Soup version 0.30-a0-948-g4fa250aae5 (webtiles) character file.

Game seed: 10099155833674021088

1813 Lobster4 the Magician (level 9, -7/62 HPs)
             Began as a Djinni Fire Elementalist on Mar 27, 2023.
             Shot with a bolt by an orc warrior (15 damage)
             ... on level 6 of the Dungeon.
             The game lasted 00:16:46 (6406 turns).

Lobster4 the Magician (Djinni Fire Elementalist)    Turns: 6406, Time: 00:16:46

Health: -7/62      AC:  5    Str:  4    XL:     9   Next: 31%
Gold:   129        EV: 12    Int: 25    God:
                   SH:  0    Dex: 13

rFire   + + +      SeeInvis +    w - +5 dagger of the Final Decision {flame, Int+5}
rCold   . . .      Faith    .    a - orb {light}
rNeg    + + .      Spirit   .    d - +0 leather armour {rF+}
rPois   ∞          Reflect  .    h - +0 helmet {SInv}
rElec   .          Rampage  .    (no cloak)
rCorr   .          Clarity  +    e - +0 pair of gloves
Will    +++..                    (boots unavailable)
Stlth   +                        k - amulet of the Four Winds {rN+ Will+++ Clar}
HPRegen 0.30/turn                B - ring of Qireyd {Wiz rN+ Str-5 SInv}
MPRegen 0.00/turn                t - ring of protection from cold

@: freezing walls, flying, glowing
A: sickness immunity, fire resistance 2, cold vulnerability 1, float, innate
caster, HP casting, extra vitality 1
a: no special abilities


You were on level 6 of the Dungeon.
You visited 1 branch of the dungeon, and saw 6 of its levels.

You collected 283 gold pieces.
You spent 154 gold pieces at shops.

Inventory:

Hand Weapons
 c - a +0 short sword
 j - the +7 mace of Generosity {drain, rElec}
   (You found it on level 2 of the Dungeon)

   rElec:     It insulates you from electricity.
 l - a +1 heavy sling
 w - the +5 dagger of the Final Decision (weapon) {flame, Int+5}
   (You bought it in a shop on level 2 of the Dungeon)

   Int:       It affects your intelligence (+5).
Missiles
 b - 5 boomerangs
 g - 8 javelins
Armour
 a - an orb of light (worn)
 d - a +0 leather armour of fire resistance (worn)
 e - a +0 pair of gloves (worn)
 h - a +0 helmet of see invisible (worn)
 i - the +2 leather armour of the Earth {Harm Will++ Str-2 Stlth+}
   (You found it on level 2 of the Dungeon)

   Str:       It affects your strength (-2).
   Harm:      It increases damage dealt and taken.
   Will:      It greatly increases your willpower.
   Stlth:     It makes you more stealthy.
Magical Staves
 y - a staff of conjuration
Jewellery
 k - the amulet of the Four Winds (around neck) {rN+ Will+++ Clar}
   (You took it off an orc on level 6 of the Dungeon)

   [amulet of nothing]

   rN:        It protects you from negative energy.
   Clar:      It protects you against confusion.
   Will:      It greatly increases your willpower.
 p - a ring of fire
 t - a ring of protection from cold (right hand)
 B - the ring of Qireyd (left hand) {Wiz rN+ Str-5 SInv}
   (You found it on level 5 of the Dungeon)

   [ring of wizardry]

   It improves your spell success rate.
   Str:       It affects your strength (-5).
   rN:        It protects you from negative energy.
   SInv:      It lets you see invisible.
Wands
 o - a wand of flame (14)
 s - a wand of charming (8)
Scrolls
 m - a scroll of enchant armour
 r - 2 scrolls of brand weapon
 v - 3 scrolls of teleportation
Potions
 f - 2 potions of heal wounds
 n - a potion of cancellation
 q - a potion of invisibility
 u - a potion of ambrosia {unknown}
 z - a potion of curing
 A - a potion of lignification


   Skills:
 + Level 3.6 Fighting
 - Level 2.0 Short Blades
 + Level 2.8 Maces & Flails
 - Level 2.0 Throwing
 + Level 3.6 Armour
 + Level 4.9 Dodging
 - Level 2.0 Stealth
 + Level 3.6 Shields
 * Level 5.1 Spellcasting
 + Level 1.7 Evocations


You knew the following spells:

 Your Spells              Type           Power      Damage    Failure   Level
a - Foxfire               Conj/Fire      100%       2x1d9     1%          1
b - Scorch                Fire           62%        2d8       1%          2
c - Kindle Blastsparks    Fire/Tloc/Air  62%        2d15      1%          3
d - Inner Flame           Hex/Fire       31%        N/A       1%          3
e - Flame Wave            Conj/Fire      31%        2d9       7%          4
f - Kiss of Death         Conj/Necr      100%       2d13      1%          1
g - Passwall              Tmut/Erth      25%        N/A       1%          2
h - Frozen Ramparts       Ice            62%        1d10      1%          3
i - Dispel Undead         Necr           31%        3d14      7%          4
Your spell library was empty.

Dungeon Overview and Level Annotations

Branches:
Dungeon (6/15)
 Temple: D:4-7

Altars:
Ashenzari

Shops:
D:1 *   D:2 (   D:4 ([[=

Annotations:
D:2 Sigmund
D:3 3 runed translucent doors, DeathPants's ghost, weakling VSGl
D:5 1 exclusion


Innate Abilities, Weirdness & Mutations

You are immune to sickness and miasma.
You are immune to poison.
Your flesh is very heat resistant. (rF++)
You are vulnerable to cold. (rC-)
You float through the air rather than walking.
You learn spells naturally, not from books.
Your magical power is your life essence.
You have superior vitality. (+4 MHP)


Message History

The orc warrior shoots a bolt.
The bolt barely misses your black bear. The bolt misses you.
Your black bear goes berserk!
The orc warrior shoots a bolt.
The bolt hits your black bear!
Your black bear dies!
The orc warrior shoots a bolt.
The bolt hits you but does no damage.
You see here an adder corpse.
Casting: Scorch (safe; 1% risk of failure)
Confirm with . or Enter, or press ? or * to list all spells.
Casting: Frozen Ramparts (safe; 1% risk of failure)
Press: ? - help, Dir - look around, f - activate This square is lit by a halo.
The walls around you are covered in ice.
The wall freezes the orc.
The wall freezes the orc warrior!
The orc warrior shoots a bolt.
The bolt hits you!
Casting: Frozen Ramparts (safe; 1% risk of failure)
Confirm with . or Enter, or press ? or * to list all spells.
Flames lash the orc.
You kill the orc!
The wall freezes the orc warrior but does no damage.
The orc warrior shoots a bolt.
The bolt hits you!
* * * LOW HITPOINT WARNING * * *
Unknown command.
Casting: Scorch (safe; 1% risk of failure)
Confirm with . or Enter, or press ? or * to list all spells.
Flames lash the orc warrior.
The orc warrior is severely wounded.
The orc warrior's fire resistance burns away.
* * * LOW HITPOINT WARNING * * *
The wall freezes the orc warrior.
The orc warrior shoots a bolt.
The bolt barely misses you.
Unknown command.
Casting: Scorch (safe; 1% risk of failure)
Confirm with . or Enter, or press ? or * to list all spells.
Flames lash the orc warrior.
The orc warrior is almost dead.
* * * LOW HITPOINT WARNING * * *
The wall freezes the orc warrior but does no damage.
The orc warrior shoots a bolt.
The bolt hits you!
You die...

*,,,,,,,,,,*,+,+,**#...
*,,...,,,,****,***.z...
*,,,..,,,,**,+,+_*.....
*,,,.),,,,****,***,#.**
*****.##******+***,....
*.)# *8*,* ###,#. *#o#
*#,,**#..,** #†# #.**
#.#** #@## #.##*#.#
#..#####...##.#
##............####
###..##...........)
##....#*######......
##..##.## #...)..
####..###..## ##...###
#....## ##..## #....#
#.#### ##..####.)#.###


You could see an orc warrior (combustible).

Vanquished Creatures
  Eustachio (D:6)
  A black bear (D:6)
  2 water moccasins (D:5)
  An ice beast (D:6)
  2 centaurs (D:5)
  A bullfrog (D:6)
  A scorpion (D:6)
  2 wights
  5 killer bees
  A howler monkey (D:4)
  A hound (D:6)
  5 jellies
  An orc priest (D:5)
  3 iguanas
  2 sleepcaps (D:5)
  2 orc wizards
  4 adders
  5 gnolls (D:5)
  2 worms
  2 dart slugs
  24 orcs
  4 ball pythons
  4 bats
  4 endoplasms
  6 goblins
  10 hobgoblins
  6 jackals
  12 kobolds
  2 quokkas (D:1)
  2 frilled lizards (D:1)
  2 rats (D:1)
120 creatures vanquished.

Vanquished Creatures (others)
  A black bear (D:6)
  357 foxfires
358 creatures vanquished.

Grand Total: 478 creatures vanquished

Notes
Turn   | Place    | Note
-------+----------+-------------------------------------------
     0 | D:1      | Lobster4 the Djinni Fire Elementalist began the quest for
                  | the Orb.
     0 | D:1      | Lobster4 set off with the following spells memorised:
                  | Foxfire, Scorch, Kindle Blastsparks, Inner Flame, Flame
                  | Wave.
     0 | D:1      | Reached XP level 1. HP: 15/15 MP: 0/0
    96 | D:1      | Found Fohe's General Store.
   120 | D:1      | Reached XP level 2. HP: 15/21 MP: 0/0
   479 | D:1      | Reached XP level 3. HP: 26/26 MP: 0/0
   479 | D:1      | Learned a level 1 spell: Kiss of Death
  1116 | D:2      | Identified the +2 leather armour of the Earth {Harm Will++
                  | Str-2 Stlth+}
  1122 | D:2      | Identified the +7 mace of Generosity {drain, rElec}
  1137 | D:2      | Noticed Sigmund
  1164 | D:2      | Reached skill level 1 in Fighting
  1334 | D:2      | Found Dynos's Antique Weapon Emporium.
  1486 | D:3      | Reached XP level 4. HP: 29/32 MP: 0/0
  1549 | D:3      | Reached skill level 1 in Armour
  2038 | D:3      | Found a runed translucent gate.
  2039 | D:3      | Found a runed translucent gate.
  2041 | D:3      | Found a runed translucent gate.
  2044 | D:3      | Noticed DeathPants's ghost (weakling VSGl)
  2078 | D:3      | Found a faded altar of an unknown god.
  2235 | D:3      | Reached skill level 3 in Spellcasting
  2424 | D:4      | Found Limnet's Jewellery Boutique.
  2499 | D:4      | Found Fiaruera's Antique Armour Shoppe.
  2619 | D:4      | Reached XP level 5. HP: 32/37 MP: 0/0
  2619 | D:4      | Learned a level 2 spell: Passwall
  2726 | D:4      | Found Zati's Armour Boutique.
  2741 | D:4      | Found Agopen's Antique Weapon Boutique.
  3366 | D:2      | Bought an ivory dagger for 154 gold pieces
  3366 | D:2      | Identified the +5 dagger of the Final Decision {flame,
                  | Int+5} (You bought it in a shop on level 2 of the Dungeon)
  3397 | D:5      | Entered Level 5 of the Dungeon
  3456 | D:5      | Reached skill level 1 in Short Blades
  3457 | D:5      | Reached skill level 1 in Throwing
  3457 | D:5      | Reached XP level 6. HP: 31/42 MP: 0/0
  3571 | D:5      | Reached skill level 1 in Shields
  3794 | D:4      | Reached skill level 1 in Maces & Flails
  4077 | D:5      | Reached XP level 7. HP: 28/48 MP: 0/0
  4077 | D:5      | Learned a level 3 spell: Frozen Ramparts
  4909 | D:5      | Identified the ring of Qireyd {Wiz rN+ Str-5 SInv}
  4919 | D:5      | Noticed a water moccasin
  4926 | D:5      | Killed a water moccasin
  5017 | D:5      | Reached skill level 4 in Spellcasting
  5020 | D:5      | Reached XP level 8. HP: 29/55 MP: 0/0
  6026 | D:6      | Reached skill level 1 in Evocations
  6026 | D:6      | Reached XP level 9. HP: 56/61 MP: 0/0
  6026 | D:6      | Learned a level 4 spell: Dispel Undead
  6071 | D:6      | Noticed Eustachio
  6082 | D:6      | Killed Eustachio
  6083 | D:6      | Reached skill level 5 in Spellcasting
  6334 | D:6      | Found a broken altar of Ashenzari.
  6406 | D:6      | Shot with a bolt by an orc warrior

Illustrated notes

Levels and vault maps discovered:
D:1:      dpeg_arrival_signposts, layout_loops_ring, serial_shops, shop
D:2:      layout_basic, serial_shops, nicolae_lakefront_shop, uniq_sigmund
D:3:      layout_basic, overflow_temple_1_default,
          hellmonk_ecumenical_altar_prayer_group, gammafunk_ghost_split
D:4:      layout_loops_corners, serial_shops, nicolae_diamond_shop,
          nicolae_shop_behind_doors, kennysheep_mini, nicolae_square_shop
D:5:      lemuel_ice_spiral_2, layout_basic, kennysheep_generic_room_12
D:6:      layout_rooms, lemuel_mausoleum_altar_kikubaaqudgha,
          lemuel_doored_altar, uniq_eustachio

Skill      XL: |  1  2  3  4  5  6  7  8  9 |
---------------+----------------------------+-----
Fighting       | 1 2 3 |  3.6
Armour         | 1 2 3 |  3.6
Spellcasting   | 3 4 5 |  5.1
Stealth        | 2 |  2.0
Short Blades   | 1 2 |  2.0
Throwing       | 1 2 |  2.0
Dodging        | 3 4 |  4.9
Shields        | 1 2 3 |  3.6
Maces & Flails | 1 2 |  2.8
Evocations     | 1 |  1.7

Action                     |  1- 3 |  4- 6 |  7- 9 || total
---------------------------+-------+-------+-------++-------
  Melee: Short sword       |     2 |       |       ||     2
         Dagger            |       |     8 |     2 ||    10
   Cast: Foxfire           |    73 |    83 |    65 ||   221
         Scorch            |     8 |    32 |    50 ||    90
         Frozen Ramparts   |       |       |     5 ||     5
         Flame Wave        |       |       |     1 ||     1
  Evoke: Wand              |       |       |     2 ||     2
    Use: Scroll            |     4 |     3 |     8 ||    15
   Stab: Sleeping          |       |       |     2 ||     2
 Armour: Robe              |     2 |    19 |     3 ||    24
         Leather armour    |       |       |     1 ||     1
  Dodge: Dodged            |     6 |    31 |    28 ||    65

Table legend: (Time is in decaauts)
 A = Elapsed time spent in this place.
 B = Non-inter-level travel time spent in this place.
 C = Inter-level travel time spent in this place.
 D = Time resting spent in this place.
 E = Time spent auto-exploring this place.
 F = Levels seen in this place.
 G = Mean time per level.
                   A        B        C        D        E       F      G
               +--------+--------+--------+--------+--------+-----+--------+
         Total |   6408 |   5916 |    492 |    684 |   4442 |   6 | 1068.0 |
       Dungeon |   6408 |   5916 |    492 |    684 |   4442 |   6 | 1068.0 |
               +--------+--------+--------+--------+--------+-----+--------+

Top non-repeatable levels by time:
     D:5: 2109 daAuts
     D:4: 1320 daAuts
     D:3: 917 daAuts
     D:1: 908 daAuts
     D:6: 608 daAuts
     D:2: 545 daAuts
